 Seeded DCSS version 0.31-a0-164-g2312942fda (webtiles) character file.

Game seed: 15193961402842118363 (custom seed)

14333 SigmundSlayer the Skirmisher (level 11, 0/101 HPs)
             Began as a Demigod Hunter on June 13, 2023.
             Killed by the air
             ... invoked by a blizzard demon
              (11 damage)
             ... on level 1 of the Abyss.
             The game lasted 00:10:08 (8323 turns).

SigmundSlayer the Skirmisher (Demigod Hunter)       Turns: 8323, Time: 00:10:09

Health: 0/101      AC:  8    Str:  9    XL:     11   Next: 57%
Magic:  14/14      EV: 26    Int: 11    God:
Gold:   1450       SH:  0    Dex: 37    Spells: 10/10 levels left

rFire   . . .        x - -1 triple crossbow (heavy)
rCold   . . .        (shield currently unavailable)
rNeg    . . .        o - +0 steam dragon scales
rPois   .            z - +2 hat
rElec   .            w - +0 cloak
rCorr   .            (no gloves)
SInv    .            (no boots)
Will    ++...        r - amulet "Luut" {+Blink Regen+ Str-3 Slay+3}
Stlth   ++++         p - +6 ring of dexterity
HPRegen 1.16/turn    e - ring of willpower
MPRegen 0.14/turn

%: no passive effects
@: no status effects
A: high MP 1, forlorn, divine attributes, thin skeletal structure 1, screaming 1
a: Evoke Blink


You were on level 1 of the Abyss.
You visited 1 branch of the dungeon, and saw 10 of its levels.
You visited the Abyss 1 time.

You collected 1451 gold pieces.
You spent 1 gold pieces at shops.

Inventory:

Hand Weapons
 x - a -1 heavy triple crossbow (weapon)
Missiles
 g - 2 throwing nets
Armour
 o - +0 steam dragon scales (worn)
 w - a +0 cloak (worn)
 z - a +2 hat (worn)
Jewellery
 e - a ring of willpower (right hand)
 p - a +6 ring of dexterity (left hand)
 r - the amulet "Luut" (around neck) {+Blink Regen+ Str-3 Slay+3}
   (You acquired it on level 8 of the Dungeon)

   [amulet of regeneration]

   Str:       It affects your strength (-3).
   Slay:      It affects your accuracy & damage with ranged weapons and melee
   (+3).
   +Blink:    It lets you blink.
   Regen:     It increases your rate of health regeneration.
 t - an amulet of reflection
 y - a ring of positive energy
 E - a ring of see invisible
Wands
 c - a wand of polymorph (10)
 v - a wand of flame (21)
 A - a wand of paralysis (10)
 C - a wand of roots (6)
Scrolls
 a - a scroll of amnesia
 i - 3 scrolls of vulnerability
 k - 6 scrolls of teleportation
 s - a scroll of revelation
 D - a scroll of fog
Potions
 b - a potion of enlightenment
 l - 2 potions of cancellation
 m - 2 potions of ambrosia
 n - a potion of lignification
 q - a potion of might {unknown}
 u - 5 potions of curing
 B - a potion of brilliance {unknown}


   Skills:
 + Level 10.5 Fighting
 + Level 11.1 Ranged Weapons
 - Level 2.0 Armour
 + Level 10.1 Dodging
 - Level 0.8 Stealth


You had 10 spell levels left.
You didn't know any spells.
Your spell library contained the following spells:

 Spells                   Type           Power      Damage    Failure   Level
 Inner Flame              Hex/Fire       0%         N/A       71%         3
 Yara's Violent Unravell  Hex/Tmut       0%         3d3       100%        5
 Enfeeble                 Hex            0%         N/A       100%        7


Dungeon Overview and Level Annotations

Branches:
Dungeon (10/15)            Temple (0/1) D:4            Lair (0/5) D:9
    Orc: D:9-12

Shops:
D:4 *

Annotations:
D:10 Sonja, Urug


Innate Abilities, Weirdness & Mutations

You have an increased reservoir of magic. (+10% MP)
You shall have no god before yourself.
Your divine heritage dramatically boosts your attributes as you level up.
You have a somewhat thin skeletal structure. (Dex +2, Stealth+)
You occasionally shout uncontrollably at your foes.


Message History

A smoke demon comes into view.
You shoot a bolt. The smoke demon roars!
The bolt hits the smoke demon!!!
You kill the smoke demon!
A thrashing horror comes into view.
A blizzard demon comes into view.
The blizzard demon gestures at you. The freezing blast misses you.
The thrashing horror moves out of view.
You shoot a bolt.
The bolt closely misses the blizzard demon.
You are engulfed in freezing vapours.
The blizzard demon gestures at you. The freezing blast engulfs you!!
A rakshasa comes into view. It is wielding a +0 trident.
You shoot a bolt.
The bolt closely misses the blizzard demon.
The thrashing horror roars!
You are engulfed in freezing vapours.
* * * LOW HITPOINT WARNING * * *
The thrashing horror is engulfed in freezing vapours. x2
The thrashing horror tramples you!
* * * LOW HITPOINT WARNING * * *
You hold your ground!
The thrashing horror completely misses you.
The blizzard demon is engulfed in freezing vapours.
The blizzard demon hits you.
* * * LOW HITPOINT WARNING * * *
The blizzard demon completely misses you.
The thrashing horror is engulfed in freezing vapours.
The blizzard demon is engulfed in freezing vapours.
The blizzard demon gestures at you. The bolt of cold misses you.
The thrashing horror is engulfed in freezing vapours.
The rakshasa blinks!
As you read the scroll of fog, it crumbles to dust.
The scroll dissolves into smoke.
The thrashing horror is engulfed in freezing vapours.
The blizzard demon waves its arms in wide circles.
The air twists around and strikes you!
You die...

#. ..##. . ....
. . # ##. ...
.# .. ..#.. #..
. #..... .. # .
. # . #..§##°#
## .# #
#.§2X§#..####.#
.# ##@°§#
##..#. #####§##
... ##
#...##§####.§.
####..###..#
#....#..# ## .
# #...#.# ..
##..#####.# ##
. ..#. ### # .
#.. # #


You could see a blizzard demon and a thrashing horror.

Vanquished Creatures
  Gastronok (D:8)
  Harold (D:10)
  A two-headed ogre (D:9)
  Nergalle (D:10)
  A deep elf pyromancer (D:9)
  Pikel (D:8)
  An ugly thing (D:9)
  2 manticores (D:9)
  Maurice (D:8)
  A smoke demon (Abyss:1)
  Maggie (D:8)
  A rime drake (D:9)
  A komodo dragon (D:10)
  A freezing wraith (D:9)
  2 trolls (D:9)
  8 starcursed masses (Abyss:1)
  3 polar bears (D:9)
  2 slime creatures (D:9)
  A shadow (D:7)
  A wraith (Abyss:1)
  Sigmund (D:2)
  3 wyverns
  9 yaks
  4 steam dragons
  A black bear (D:4)
  8 ice beasts
  A boggart (D:9)
  2 wolves (D:9)
  A centaur (D:5)
  2 kobold brigands
  A phantom (D:5)
  3 bullfrogs
  A gnoll sergeant (D:9)
  6 wights
  5 killer bees (D:9)
  2 howler monkeys
  A jelly (D:5)
  2 hounds
  2 orc priests
  2 sleepcaps
  Jessica (D:2)
  5 iguanas
  3 orc wizards
  A small abomination (Abyss:1)
  4 gnolls (D:9)
  6 adders
  2 shadow imps
  3 white imps
  2 ufetubi
  2 worms
  2 dart slugs (D:1)
  19 orcs
  6 ball pythons
  3 bats (D:1)
  2 endoplasms
  7 giant cockroaches
  10 goblins
  3 hobgoblins
  7 jackals (D:1)
  4 quokkas
  3 frilled lizards (D:1)
  A goblin skeleton (D:8)
  2 goblin zombies (D:8)
  4 hobgoblin zombies (D:8)
  8 kobolds
  2 kobold zombies (D:8)
  An orc skeleton (D:8)
  7 rats
209 creatures vanquished.

Vanquished Creatures (collateral kills)
  3 yaks (D:10)
3 creatures vanquished.

Grand Total: 212 creatures vanquished

Notes
Turn   | Place    | Note
-------+----------+-------------------------------------------
     0 | D:1      | SigmundSlayer the Demigod Hunter began the quest for the
                  | Orb.
     0 | D:1      | Reached XP level 1. HP: 17/17 MP: 3/3
   102 | D:1      | Reached XP level 2. HP: 12/24 MP: 4/4
   223 | D:1      | Reached skill level 4 in Ranged Weapons
   817 | D:1      | Reached XP level 3. HP: 28/29 MP: 5/5
  1302 | D:2      | Noticed Sigmund
  1309 | D:2      | Killed Sigmund
  1310 | D:2      | Reached skill level 5 in Ranged Weapons
  1310 | D:2      | Reached XP level 4. HP: 37/37 MP: 6/6
  1310 | D:2      | Reached XP level 5. HP: 44/44 MP: 7/7
  1316 | D:2      | Noticed Jessica
  1323 | D:2      | Killed Jessica
  1504 | D:2      | Identified the +8 chain mail "Racsexev" {SInv}
  2830 | D:3      | Reached XP level 6. HP: 17/51 MP: 8/8
  3037 | D:4      | Found a staircase to the Ecumenical Temple.
  3317 | D:4      | Found Ogerhoh's Lightly-Used Armoury.
  3326 | D:4      | Bought a -3 triple crossbow for 1 gold piece
  3457 | D:4      | Reached skill level 6 in Ranged Weapons
  3619 | D:4      | Reached XP level 7. HP: 59/59 MP: 9/9
  3720 | D:4      | Gained mutation: You occasionally shout uncontrollably at
                  | your foes. [potion of mutation]
  3720 | D:4      | Gained mutation: You have a somewhat thin skeletal
                  | structure. (Dex +2, Stealth+) [potion of mutation]
  3748 | D:5      | Entered Level 5 of the Dungeon
  4497 | D:6      | Noticed a yak
  4497 | D:6      | Noticed a yak
  4497 | D:6      | Noticed a yak
  4497 | D:6      | Noticed a yak
  4497 | D:6      | Noticed a yak
  4497 | D:6      | Noticed a yak
  4502 | D:5      | Killed a yak
  4527 | D:5      | Killed a yak
  4528 | D:5      | Reached skill level 5 in Fighting
  4528 | D:5      | Reached skill level 5 in Dodging
  4528 | D:5      | Reached XP level 8. HP: 23/68 MP: 10/10
  4680 | D:5      | Reached skill level 7 in Ranged Weapons
  5476 | D:7      | Reached skill level 8 in Ranged Weapons
  5476 | D:7      | Reached XP level 9. HP: 33/78 MP: 11/11
  5705 | D:7      | Reached skill level 1 in Armour
  6314 | D:8      | Noticed Maurice
  6321 | D:8      | Killed Maurice
  6499 | D:8      | Noticed Gastronok
  6509 | D:8      | Killed Gastronok
  6510 | D:8      | Reached skill level 9 in Ranged Weapons
  6510 | D:8      | Reached XP level 10. HP: 49/88 MP: 13/13
  6686 | D:8      | Noticed Pikel
  6687 | D:8      | Killed Pikel
  6704 | D:8      | Noticed Maggie
  6707 | D:8      | Killed Maggie
  6839 | D:8      | Identified a scroll of acquirement
  6839 | D:8      | Acquired the amulet "Luut" {+Blink Regen+ Str-3 Slay+3}
  7089 | D:9      | Found a staircase to the Lair.
  7158 | D:9      | Noticed a manticore
  7160 | D:9      | Killed a manticore
  7161 | D:9      | Reached skill level 10 in Ranged Weapons
  7177 | D:9      | Noticed a two-headed ogre
  7181 | D:9      | Killed a two-headed ogre
  7185 | D:9      | Noticed a deep elf pyromancer
  7203 | D:9      | Reached XP level 11. HP: 97/97 MP: 14/14
  7273 | D:9      | Killed a deep elf pyromancer
  7323 | D:9      | Identified the staff of air "Pengon" {rElec rC+ Int+3}
  7807 | D:10     | Entered Level 10 of the Dungeon
  7810 | D:10     | Reached skill level 10 in Fighting
  7811 | D:10     | Noticed Harold
  7813 | D:10     | Killed Harold
  7821 | D:10     | Acquired 1051 gold pieces
  7890 | D:10     | Noticed Nergalle
  7892 | D:10     | Killed Nergalle
  7893 | D:10     | Reached skill level 11 in Ranged Weapons
  7893 | D:10     | Reached skill level 10 in Dodging
  8094 | D:10     | Noticed Sonja
  8094 | D:10     | Noticed Urug
  8100 | Abyss:1  | Cast into level 1 of the Abyss (Sonja)
  8208 | Abyss:1  | Noticed a starcursed mass
  8211 | Abyss:1  | Killed a starcursed mass
  8213 | Abyss:1  | Noticed a wretched star
  8214 | Abyss:1  | Paralysed by accursed screaming for 1 turns
  8320 | Abyss:1  | Noticed a thrashing horror
  8320 | Abyss:1  | Noticed a blizzard demon
  8321 | Abyss:1  | Noticed a rakshasa
  8323 | Abyss:1  | Killed from afar by a blizzard demon

Illustrated notes

Levels and vault maps discovered:
D:1:      evilmike_arrival_rings, layout_loops_ring,
          dreamdust_ecumenical_altar_hidden_monk_grotto, minmay_cut_off
D:2:      layout_basic, basic_altar, uniq_sigmund, uniq_jessica
D:3:      layout_loops_corners, mainiacjoe_overflow_alcove_2,
          mainiacjoe_overflow_small_starburst
D:4:      layout_gridville, general_overflow_altar,
          nicolae_dithmenos_shadow_blocks, minmay_temple_entry_glass,
          minmay_shop_damaged
D:5:      layout_basic
D:6:      layout_rooms, mainiacjoe_overflow_six_doors_small,
          nicolae_overflow_quartered_altars
D:7:      layout_gridville, mainiacjoe_overflow_cross_hatched
D:8:      layout_rooms, nicolae_tso_besieged_by_evil, uniq_maurice,
          uniq_gastronok, uniq_maggie, uniq_pikel
D:9:      layout_loops_ring, overflow_temple_1_default, zin_statuary,
          hellmonk_lair_entry_icy, minmay_evil_grid
D:10:     layout_basic, okawaru_ov_weapons_minmay, mainiacjoe_overflow_alcove_4,
          lemuel_round_altar, uniq_sonja, uniq_nergalle, uniq_harold, uniq_urug
Abyss:1:  base: D:1, bh_abyss_xom_lugonu_altar

Skill      XL: |  1  2  3  4  5  6  7  8  9 10 11 |
---------------+----------------------------------+-----
Fighting       | 2 3 4 5 6 8 9 10 | 10.5
Dodging        | 2 3 4 5 6 7 9 10 | 10.1
Ranged Weapons | 4 5 6 8 9 10 11 | 11.1
Armour         | 2 |  2.0
Stealth        | |  0.8

Action                     |  1- 3 |  4- 6 |  7- 9 | 10-12 || total
---------------------------+-------+-------+-------+-------++-------
   Fire: Shortbow          |    94 |   109 |       |       ||   203
         Triple crossbow   |       |    17 |   119 |   131 ||   267
    Use: Scroll            |       |    10 |    11 |     9 ||    30
         Potion            |       |       |     1 |     5 ||     6
 Armour: Leather armour    |    26 |     9 |     5 |       ||    40
         Steam dragon scal |       |       |     3 |    18 ||    21
  Dodge: Dodged            |    50 |    48 |    87 |   165 ||   350
  Block: Other             |       |    11 |    22 |       ||    33
         Reflection        |       |       |     1 |       ||     1

Table legend: (Time is in decaauts)
 A = Elapsed time spent in this place.
 B = Non-inter-level travel time spent in this place.
 C = Inter-level travel time spent in this place.
 D = Time resting spent in this place.
 E = Time spent auto-exploring this place.
 F = Levels seen in this place.
 G = Mean time per level.
                   A        B        C        D        E       F      G
               +--------+--------+--------+--------+--------+-----+--------+
         Total |   8827 |   8483 |    344 |   1439 |   5588 |  11 |  802.5 |
       Dungeon |   8591 |   8247 |    344 |   1353 |   5492 |  10 |  859.1 |
         Abyss |    236 |    236 |      0 |     86 |     96 |   1 |  236.0 |
               +--------+--------+--------+--------+--------+-----+--------+

Top non-repeatable levels by time:
     D:5: 1202 daAuts
     D:1: 1158 daAuts
     D:3: 996 daAuts
     D:9: 966 daAuts
     D:7: 868 daAuts
     D:4: 848 daAuts
     D:2: 818 daAuts
     D:8: 781 daAuts
     D:6: 634 daAuts
    D:10: 315 daAuts
 Abyss:1: 236 daAuts
